 Dungeon Crawl Stone Soup version 0.28.0-45-g0d030f2227 (webtiles) character file.

Game seed: 13929779725325724689

59565 CryoSword the Geomancer (level 14, -3/87 HPs)
             Began as a Gargoyle Earth Elementalist on Apr 15, 2022.
             Was a High Priest of the Shining One.
             Slain by a minotaur
             ... wielding a staff of death
              (9 damage)
             ... in a Gauntlet.
             The game lasted 00:36:30 (17290 turns).

CryoSword the Geomancer (GrEE)                     Turns: 17290, Time: 00:36:31

Health: -3/87      AC: 19    Str: 20    XL:     14   Next: 95%
Magic:  24/29      EV: 12    Int: 19    God:    the Shining One [*****.]
Gold:   805        SH:  4    Dex: 10    Spells: 7/21 levels left

rFire   . . .      SeeInvis .   o - +8 trident of the Octopus King {venom, rElec rPois}
rCold   . . .      Faith    .   C - +0 buckler
rNeg    + + +      Spirit   .   u - +0 troll leather armour {Pargi}
rPois   ∞          Reflect  .   D - +1 hat
rElec   +          Harm     .   (no cloak)
rCorr   .          Rampage  .   P - +1 pair of gloves
Will    +....      NoTele   +   (no boots)
Stlth   +.........              O - amulet of magic regeneration
HPRegen 1.04/turn               G - +6 ring of strength
MPRegen 0.61/turn               y - ring of magical power

@: flying, glowing, studying Armour
A: sickness immunity, AC +10, big wings, negative energy resistance 1,
electricity resistance, torment resistance 1, petrification resistance
a: Renounce Religion, Divine Shield, Cleansing Flame, Summon Divine Warrior


You were in a Gauntlet.
You worshipped the Shining One.
The Shining One was extremely pleased with you.
You visited 3 branches of the dungeon, and saw 18 of its levels.
You also visited: Sewer, Gauntlet and Volcano.

You collected 1065 gold pieces.
You spent 260 gold pieces at shops.

Inventory:

Hand Weapons
 o - the +8 trident of the Octopus King (weapon) {venom, rElec rPois}
   (You found it on level 2 of the Dungeon)

   It poisons the flesh of those it strikes.
   rElec:     It insulates you from electricity.
   rPois:     It protects you from poison.
Missiles
 c - 604 stones
 F - 7 boomerangs
 J - 7 curare-tipped darts
 X - 4 atropa-tipped darts
Armour
 u - a +0 troll leather armour (worn) {Pargi}
   (You found it in a sewer)
 C - a +0 buckler (worn)
   (You took it off a gnoll sergeant on level 7 of the Dungeon)
 D - a +1 hat (worn)
   (You took it off Gastronok on level 8 of the Dungeon)
 L - the +1 cloak of Qoufoero {rC+ Will+ rCorr}
   (You found it on level 3 of the Lair of Beasts)

   rC:        It protects you from cold.
   rCorr:     It protects you from acid and corrosion.
   Will:      It increases your willpower.
 P - a +1 pair of gloves (worn)
   (You found it on level 1 of the Lair of Beasts)
 Y - the -2 helmet of Mess {rCorr Str-5 Stlth+}
   (You found it in a Gauntlet)

   Str:       It affects your strength (-5).
   rCorr:     It protects you from acid and corrosion.
   Stlth:     It makes you more stealthy.
Jewellery
 n - a ring of wizardry
   (You found it on level 2 of the Dungeon)
 y - a ring of magical power (right hand)
   (You bought it in a shop on level 8 of the Dungeon)
 G - a +6 ring of strength (left hand)
   (You found it on level 8 of the Dungeon)
 H - a ring of ice
   (You found it on level 3 of the Lair of Beasts)
 K - a ring of protection from fire
   (You found it on level 9 of the Dungeon)
 O - an amulet of magic regeneration (around neck)
   (You found it on level 10 of the Dungeon)
 T - a ring of resist corrosion
   (You found it on level 2 of the Lair of Beasts)
 W - an amulet of faith {!P}
   (You found it in a Gauntlet)
Wands
 w - a wand of iceblast (17)
   (You found it on level 5 of the Dungeon)
 E - a wand of flame (19)
   (You took it off an orc wizard on level 8 of the Dungeon)
Scrolls
 a - a scroll of summoning {unknown}
 b - a scroll of brand weapon
 d - a scroll of blinking
 f - a scroll of magic mapping
 g - a scroll of fear
 i - a scroll of holy word {unknown}
 j - 3 scrolls of fog
 k - 3 scrolls of enchant weapon
 l - 2 scrolls of noise {unknown}
 m - a scroll of vulnerability {unknown}
 r - a scroll of enchant armour {unknown}
 t - 9 scrolls of teleportation {@r4}
 v - a scroll of amnesia {unknown}
 U - a scroll of torment {unknown}
 V - 2 scrolls of identify {@r1}
Potions
 e - 3 potions of haste {@q3}
 h - 4 potions of cancellation
 p - a potion of might
 q - 3 potions of heal wounds {@q2}
 s - a potion of magic
 x - a potion of berserk rage {unknown}
 z - 7 potions of curing {@q1}
 A - 2 potions of flight {unknown}
 B - 2 potions of mutation {!q}
 I - 6 potions of brilliance
 M - a potion of invisibility {unknown}
 N - 2 potions of attraction {unknown}
 Q - a potion of ambrosia {unknown}
 S - a potion of resistance
Miscellaneous
 R - a box of beasts
   (You found it on level 2 of the Lair of Beasts)


   Skills:
 + Level 9.9 Fighting
 - Level 1.0 Maces & Flails
 * Level 11.8 Polearms
 + Level 9.5 Armour
 - Level 4.0 Dodging
 - Level 5.0 Stealth
 - Level 3.0 Shields
 - Level 4.0 Spellcasting
 + Level 12.4 Conjurations
 - Level 0.7 Transmutations
 + Level 14.1 Earth Magic
 + Level 9.0 Invocations
 + Level 3.9 Evocations


You had 7 spell levels left.
You knew the following spells:

 Your Spells              Type           Power      Damage    Failure   Level
a - Sandblast             Erth           100%       2d20      1%          1
b - Stone Arrow           Conj/Erth      100%       3d13      1%          3
c - Petrify               Tmut/Erth      32%        N/A       10%         4
d - Leda's Liquefaction   Hex/Erth       15%        N/A       12%         4
P - Passwall              Tmut/Erth      26%        N/A       1%          2

Your spell library contained the following spells:

 Spells                   Type           Power      Damage    Failure   Level
 Sting                    Tmut/Pois      20%        1d4       19%         1
 Animate Skeleton         Necr           6%         N/A       21%         1
 Pain                     Necr           12%        1d4       21%         1
 Corpse Rot               Necr/Air       6%         N/A       30%         2
 Poisonous Vapours        Pois/Air       6%         N/A       30%         2
 Irradiate                Conj/Tmut      14%        3d18      36%         5
 Call Canine Familiar     Summ           3%         N/A       52%         3
 Portal Projectile        Hex/Tloc       6%         N/A       52%         3
 Vampiric Draining        Necr           3%         2d6       52%         3
 Dispel Undead            Necr           3%         3d7       90%         4
 Olgreb's Toxic Radiance  Pois           3%         N/A       90%         4
 Blade Hands              Tmut           3%         N/A       99%         5
 Death Channel            Necr           1%         N/A       100%        6
 Dragon Form              Tmut           3%         N/A       100%        7


Dungeon Overview and Level Annotations

Branches:
Dungeon (11/15)            Temple (1/1) D:5            Lair (6/6) D:11
 Shoals (0/4) Lair:4        Snake (0/4) Lair:2        Slime (0/5) Lair:5
  Sewer (visited)         Volcano (visited)         Gauntlet (1/1)
    Orc: D:9-12

Altars:
Ashenzari
Dithmenos
Fedhas
Hepliaklqana
Okawaru
Qazlal
Ru
Uskayaw
Xom
Yredelemnul
Zin
The Shining One
Jiyva
Lugonu

Shops:
D:6 =   D:8 =[(

Portals:
Abyss: Lair:5

Annotations:
D:4 1 runed translucent door, duchin's ghost, amateur DrAE
D:7 3 runed translucent doors, kthxbai's ghost, novice DgTm
Lair:3 3 runed translucent doors, crompyre's ghost, journeyman BaBe
Lair:6 Nessos Gauntlet 8 transporters, exclusion: 3 lightning spires


Innate Abilities, Weirdness & Mutations

You are immune to sickness and miasma.
Your stone body is resilient. (AC +10)
You are immune to poison.
Your large and strong wings let you fly.
You resist negative energy. (rN+)
You are resistant to electric shocks. (rElec)
You are resistant to unholy torment.
You are immune to petrification.


Message History

The flying skull closely misses you.
Aim: a flying skull (haloed, 76% to hit)
The blast of sand hits the flying skull.
The flying skull hits you but does no damage.
You block the flying skull's attack. The flying skull hits you.
Aim: a flying skull (lightly damaged, haloed, 76% to hit)
The blast of sand misses the flying skull.
The flying skull closely misses you.
The flying skull hits you but does no damage.
The flying skull barely misses you.
Aim: a flying skull (lightly damaged, haloed, 76% to hit)
The blast of sand hits the flying skull but does no damage.
The flying skull hits you but does no damage.
You block the flying skull's attack. The flying skull misses you.
You hit the flying skull. You block the flying skull's attack.
The flying skull hits you.
You hit the flying skull.
The flying skull hits you but does no damage.
You block the flying skull's attack. The flying skull misses you.
You puncture the flying skull! The flying skull closely misses you.
The flying skull hits you.
You closely miss the flying skull. The flying skull misses you.
The flying skull barely misses you.
You impale the flying skull!!
You destroy the flying skull!
The Shining One accepts your kill.
You feel better.
You feel your power returning. The flying skull misses you.
You puncture the flying skull! The flying skull closely misses you.
The flying skull barely misses you.
You hit the flying skull but do no damage.
The flying skull hits you but does no damage.
You barely miss the flying skull. The flying skull barely misses you.
You puncture the flying skull! You block the flying skull's attack.
The reaper shouts, "Death awaits you!"
You closely miss the flying skull.
The flying skull hits you but does no damage.
You closely miss the flying skull. The flying skull completely misses you.
You closely miss the flying skull.
The flying skull hits you but does no damage.
You hit the flying skull.
You destroy the flying skull!
The Shining One accepts your kill.
No reachable target in view!
No reachable target in view!
No reachable target in view!
No reachable target in view!
No reachable target in view!
No reachable target in view!
No reachable target in view!
No reachable target in view!
No reachable target in view!
The reaper smiles without lips.
You now have 805 gold pieces (gained 17).
The quicksilver ooze quivers.
W - an amulet of faith {!P} You pick up a Young Poisoner's Handbook and begin reading...
You add the spells Sting, Poisonous Vapours and Olgreb's Toxic Radiance to your library.
Partly explored, unvisited transporter.
Partly explored, unvisited transporter.
Okay, then.
There is a transporter here.
You enter the transporter and appear at another place.
There is a transporter here.
You enter the transporter and appear at another place.
Aim: a hellwing (haloed, 84% to hit)
The stone arrow hits the hellwing!!
Your shield is strengthened by the Shining One's divine power.
Aim: a hellwing (moderately wounded, haloed, 84% to hit)
The stone arrow hits the hellwing but does no damage.
The hellwing barely misses you. You block the hellwing's attack.
Aim: a hellwing (moderately wounded, haloed, 84% to hit)
The stone arrow hits the hellwing.
The reaper hits you but does no damage. The hellwing hits you!
You block the hellwing's attack.
Activating: Cleansing Flame (12% risk of failure)
The golden flame engulfs you but does no damage.
The golden flame engulfs the hellwing but does no damage.
The golden flame engulfs the reaper!!
The reaper writhes in agony!
You block the reaper's attack. The hellwing hits you. x2
Activating: Cleansing Flame (12% risk of failure)
The golden flame engulfs you but does no damage.
You resist.
The golden flame engulfs the hellwing!!
The hellwing writhes in agony!
The golden flame engulfs the reaper but does no damage.
The reaper hits you from afar with a +0 scythe of protection!!
You block the hellwing's attack. The hellwing closely misses you.
Activating: Cleansing Flame (12% risk of failure)
The golden flame engulfs you but does no damage.
You resist.
The golden flame engulfs the hellwing!!!
The hellwing writhes in agony!
You kill the hellwing!
The Shining One accepts your kill.
You feel better.
You feel your power returning.
The golden flame engulfs the reaper!
The reaper writhes in agony!
The reaper barely misses you.
Okay, then.
Aim: a reaper, wielding a +0 scythe of protection (severely wounded, haloed, 84% to hit)
The stone arrow hits the reaper!
You block the reaper's attack.
Aim: a reaper, wielding a +0 scythe of protection (almost dead, haloed, 84% to hit)
The stone arrow hits the reaper!
You kill the reaper!
The Shining One accepts your kill.
You feel your power returning.
Your Invocations skill increases to level 9!
You see here a +0 scythe of protection.
X - 4 atropa-tipped darts You see here the -2 helmet of Mess {rCorr Str-5 Stlth+}.
Y - the -2 helmet of Mess {rCorr Str-5 Stlth+}
There is a transporter here.
I - 6 potions of brilliance (gained 2)
There is a transporter here.
There is a transporter here.
You start resting.
You start resting.
You enter the transporter and appear at another place.
Your divine shield fades away.
You reach down and open the door.
A minotaur comes into view.
It is wielding a staff of death and quivering silver javelins.
Found a runed cloak.
Found a gate leading back out of this place.
Here: a minotaur, wielding a staff of death, wearing a +0 plate armour and quivering silver javelins (wandering, hasn't noticed you, haloed)
The floor.
The minotaur bellows!
There is an open door here.
Aim: a minotaur, wielding a staff of death, wearing a +0 plate armour and quivering silver javelins (haloed, 92% to hit)
Okay, then.
The minotaur hits you with a staff of death.
The minotaur gores you!
You puncture the minotaur!
The minotaur is poisoned.
The minotaur hits you with a staff of death.
The minotaur gores you but does no damage.
You hit the minotaur but do no damage.
The minotaur hits you with a staff of death!
The minotaur gores you.
You hit the minotaur but do no damage.
The minotaur looks even sicker.
The minotaur hits you with a staff of death.
The minotaur gores you.
You puncture the minotaur!
The minotaur looks as sick as possible!
Aim: a minotaur, wielding a staff of death, wearing a +0 plate armour and quivering silver javelins (moderately wounded, extremely poisoned, haloed, 92% to hit)
The stone arrow hits the minotaur!
The minotaur hits you with a staff of death!
* * * LOW HITPOINT WARNING * * *
The minotaur gores you!
* * * LOW HITPOINT WARNING * * *
Aim: a minotaur, wielding a staff of death, wearing a +0 plate armour and quivering silver javelins (severely wounded, extremely poisoned, haloed, 92% to hit)
The stone arrow hits the minotaur.
The minotaur hits you with a staff of death!!
* * * LOW HITPOINT WARNING * * *
The minotaur gores you!
You die...

####### #≈≈≈≈≈#
≈≈∩≈≈ ...
###H### #..@..#
######'#######
#.............#
#.###.###.###.#
##.###.###.#
............#
#.###.###.###
###.###.###.###
#.............#


You could see a minotaur (extremely poisoned).

Vanquished Creatures
  Gastronok (D:8)
  A reaper (Gauntlet)
  A fire dragon (Volcano)
  A catoblepas (Lair:4)
  2 boulder beetles
  6 hydras
  2 centaur warriors
  14 death yaks
  Nergalle (Lair:4)
  5 lindwurms
  3 oklob plants
  Joseph (D:8)
  3 centaur zombies
  6 elephants (Lair:5)
  A smoke demon (Volcano)
  7 black mambas
  A torpor snail (Lair:4)
  9 cane toads
  Maggie (D:8)
  A rime drake (Lair:5)
  An unseen horror (D:11)
  19 komodo dragons
  A hellwing (Gauntlet)
  5 polar bears
  A troll (D:10)
  8 dream sheep
  A hornet (D:9)
  6 blink frogs (Lair:4)
  A meliai zombie (D:10)
  12 flying skulls (Gauntlet)
  5 wyverns
  A vampire (D:11)
  A shadow (D:9)
  Sigmund (D:2)
  49 yaks
  2 basilisks
  2 steam dragons (Volcano)
  3 acid dragons
  16 water moccasins
  4 hell hounds (Volcano)
  3 black bears
  Pargi (Sewer)
  2 ogres
  3 ice beasts
  5 orc warriors
  3 sky beasts
  18 wolves
  5 centaurs
  3 kobold brigands
  11 bullfrogs
  2 gnoll sergeants
  2 scorpions
  A water moccasin zombie (D:6)
  A wyvern zombie (D:8)
  A water moccasin skeleton (D:6)
  11 killer bees
  12 wights (D:8)
  4 electric eels
  A gnoll shaman (D:6)
  4 hounds
  3 orc priests
  3 bullfrog skeletons
  3 iguanas
  7 orc wizards
  2 scorpion zombies (D:4)
  6 hell rats
  A killer bee zombie (D:6)
  A hound skeleton (D:4)
  A hound zombie (D:4)
  A howler monkey zombie (D:6)
  8 adders
  14 gnolls
  A river rat (D:4)
  A shadow imp (D:6)
  A white imp (D:8)
  2 ufetubi
  3 adder skeletons
  2 worms
  3 dart slugs
  19 orcs
  6 endoplasms
  5 giant cockroaches
  3 goblins
  8 hobgoblins
  5 jackals
  2 quokkas
  9 ball pythons
  3 bats
  6 frilled lizards
  A jackal zombie (D:4)
  14 kobolds
  7 rats
  A lurking horror (Lair:5)
451 creatures vanquished.

Vanquished Creatures (collateral kills)
  A water moccasin (Lair:2)
1 creature vanquished.

Vanquished Creatures (others)
  A bush (Lair:1)
  11 fungi
  24 plants
  4 toadstools (D:1)
  3 withered plants (D:4)
43 creatures vanquished.

Grand Total: 495 creatures vanquished

Notes
Turn   | Place    | Note
-------+----------+-------------------------------------------
     0 | D:1      | CryoSword the Gargoyle Earth Elementalist began the quest
                  | for the Orb.
     0 | D:1      | Reached XP level 1. HP: 10/10 MP: 3/3
    96 | D:1      | Found a faded altar of an unknown god.
   394 | D:1      | Reached XP level 2. HP: 11/15 MP: 3/5
   728 | D:1      | Reached skill level 4 in Earth Magic
   934 | D:1      | Reached skill level 1 in Conjurations
  1397 | D:2      | Found the +8 trident of the Octopus King {venom, rElec
                  | rPois}
  1404 | D:2      | Reached XP level 3. HP: 19/20 MP: 6/6
  1451 | D:2      | Reached skill level 1 in Maces & Flails
  1870 | D:2      | Noticed Sigmund
  1879 | D:2      | Killed Sigmund
  1880 | D:2      | Reached skill level 1 in Fighting
  1880 | D:2      | Reached skill level 1 in Polearms
  1880 | D:2      | Reached XP level 4. HP: 11/25 MP: 7/7
  1880 | D:2      | Reached XP level 5. HP: 13/29 MP: 8/8
  2743 | D:3      | Reached XP level 6. HP: 34/34 MP: 9/9
  2752 | D:3      | Identified the +0 pair of gloves of Free Will {Stlth+}
  2844 | D:3      | Reached skill level 5 in Earth Magic
  3147 | D:4      | Noticed duchin's ghost (amateur DrAE)
  3147 | D:4      | Found a runed translucent door.
  3423 | D:4      | Noticed an ice beast
  3434 | D:4      | Killed an ice beast
  3435 | D:4      | Reached XP level 7. HP: 23/40 MP: 10/10
  3490 | D:4      | Found a glowing drain.
  3494 | Sewer    | Entered a sewer
  3629 | Sewer    | Noticed Pargi
  3649 | Sewer    | Killed Pargi
  3981 | D:4      | Learned a level 2 spell: Passwall
  3985 | D:4      | Learned a level 3 spell: Stone Arrow
  3990 | D:4      | Learned a level 4 spell: Petrify
  4064 | D:4      | Reached skill level 6 in Earth Magic
  4405 | D:5      | Entered Level 5 of the Dungeon
  4489 | D:5      | Reached XP level 8. HP: 45/45 MP: 11/11
  4943 | D:5      | Found a staircase to the Ecumenical Temple.
  4952 | Temple   | Entered the Ecumenical Temple
  4966 | Temple   | Became a worshipper of the Shining One
  5039 | D:6      | Reached skill level 5 in Conjurations
  5087 | D:6      | Found Xeitysay's One-of-a-Kind Rings.
  5161 | D:6      | Reached skill level 7 in Earth Magic
  5176 | D:6      | Found a shimmering altar of Xom.
  5343 | D:6      | Reached XP level 9. HP: 32/52 MP: 13/13
  5593 | D:7      | Reached skill level 5 in Stealth
  5618 | D:7      | Reached skill level 5 in Polearms
  5792 | D:7      | Reached * piety under the Shining One
  5924 | D:7      | Found a runed translucent gate.
  5925 | D:7      | Found a runed translucent gate.
  5926 | D:7      | Found a runed translucent gate.
  5926 | D:7      | Noticed kthxbai's ghost (novice DgTm)
  5983 | D:7      | Reached skill level 8 in Earth Magic
  6006 | D:7      | Reached skill level 1 in Invocations
  6595 | D:8      | Noticed Maggie
  6604 | D:8      | Killed Maggie
  6605 | D:8      | Reached skill level 1 in Shields
  6794 | D:8      | Found Cawkisal's Antique Armour Boutique.
  6853 | D:8      | Noticed Joseph
  6901 | D:8      | Killed Joseph
  6902 | D:8      | Reached XP level 10. HP: 41/58 MP: 5/14
  6988 | D:8      | Found Ocaow's Jewellery Boutique.
  6992 | D:8      | Bought a ring of magical power for 260 gold pieces
  7261 | D:8      | Reached skill level 9 in Earth Magic
  7264 | D:8      | Reached skill level 5 in Fighting
  7277 | D:8      | Noticed Gastronok
  7343 | D:8      | Killed Gastronok
  7532 | D:8      | Reached ** piety under the Shining One
  7564 | D:8      | Found Naqu's Antique Weapon Boutique.
  7650 | D:8      | Reached skill level 10 in Earth Magic
  7997 | D:9      | Reached XP level 11. HP: 26/64 MP: 11/15
  8582 | D:10     | Entered Level 10 of the Dungeon
  8632 | D:10     | Reached *** piety under the Shining One
  8952 | D:10     | Reached skill level 11 in Earth Magic
  9303 | D:10     | Noticed a centaur warrior
  9312 | D:10     | Killed a centaur warrior
  9743 | D:11     | Found a stormy altar of Qazlal.
  9839 | D:11     | Reached skill level 5 in Invocations
  9930 | D:11     | Noticed an eight-headed hydra
  9939 | D:11     | Killed an eight-headed hydra
 10001 | D:11     | Noticed a centaur warrior
 10013 | D:11     | Killed a centaur warrior
 10014 | D:11     | Reached skill level 10 in Conjurations
 10086 | D:11     | Reached XP level 12. HP: 47/71 MP: 16/16
 10115 | D:11     | Reached **** piety under the Shining One
 10165 | D:11     | Reached skill level 12 in Earth Magic
 10371 | D:11     | Found a staircase to the Lair.
 10459 | Lair:1   | Entered Level 1 of the Lair of Beasts
 10604 | Lair:1   | Reached skill level 1 in Armour
 10856 | Lair:1   | Learned a level 4 spell: Leda's Liquefaction
 10974 | Lair:1   | Identified the +3 war axe of Pride {spect, Fly rC+ rN+}
 11439 | Lair:2   | Found a staircase to the Snake Pit.
 11500 | Lair:2   | Noticed a boulder beetle
 11512 | Lair:2   | Found a dark tunnel.
 11522 | Lair:2   | Killed a boulder beetle
 11523 | Lair:2   | Reached skill level 5 in Armour
 11523 | Lair:2   | Reached XP level 13. HP: 73/78 MP: 16/18
 11534 | Volcano  | Entered a volcano
 11677 | Volcano  | Reached skill level 10 in Polearms
 11677 | Volcano  | Reached skill level 13 in Earth Magic
 11794 | Volcano  | Noticed a fire dragon
 11806 | Volcano  | Killed a fire dragon
 13141 | Lair:3   | Reached skill level 1 in Evocations
 13289 | Lair:3   | Identified the +1 cloak of Qoufoero {rC+ Will+ rCorr}
 13352 | Lair:3   | Found a runed translucent gate.
 13353 | Lair:3   | Found a runed translucent gate.
 13355 | Lair:3   | Found a runed translucent gate.
 13355 | Lair:3   | Noticed a great orb of eyes
 13356 | Lair:3   | Noticed crompyre's ghost (journeyman BaBe)
 13369 | Lair:3   | Found a viscous altar of Jiyva.
 13927 | Lair:3   | Gained mutation: Your large and strong wings let you fly.
                  | [Gargoyle growth]
 13927 | Lair:3   | Reached XP level 14. HP: 86/86 MP: 20/20
 14245 | Lair:4   | Noticed Nergalle
 14400 | Lair:4   | Killed Nergalle
 14745 | Lair:4   | Found a staircase to the Shoals.
 14981 | Lair:4   | Reached ***** piety under the Shining One
 15459 | Lair:5   | Found a corrupted altar of Lugonu.
 15460 | Lair:5   | Found a one-way gate to the infinite horrors of the Abyss.
 15578 | Lair:5   | Found a staircase to the Slime Pits.
 16355 | Lair:6   | Entered Level 6 of the Lair of Beasts
 16355 | Lair:6   | Noticed Nessos
 16430 | Lair:5   | Reached skill level 14 in Earth Magic
 16831 | Lair:6   | Found a gate leading to a gauntlet.
 16838 | Gauntlet | Entered a Gauntlet
 16838 | Gauntlet | Found a transporter.
 16848 | Gauntlet | Noticed a quicksilver ooze
 16923 | Gauntlet | Found a transporter.
 16940 | Gauntlet | Found a transporter.
 16944 | Gauntlet | Found a transporter.
 16965 | Gauntlet | Found a transporter.
 16978 | Gauntlet | Found a transporter.
 16988 | Gauntlet | Noticed a reaper
 16992 | Gauntlet | Found a transporter.
 17021 | Gauntlet | Found a transporter.
 17021 | Gauntlet | Found a transporter.
 17028 | Gauntlet | Found a transporter.
 17059 | Gauntlet | Found a transporter.
 17059 | Gauntlet | Found a transporter.
 17234 | Gauntlet | Killed a reaper
 17243 | Gauntlet | Identified the -2 helmet of Mess {rCorr Str-5 Stlth+}
 17290 | Gauntlet | Slain by a minotaur

Illustrated notes

Levels and vault maps discovered:
D:1:      ldierk_walled_garden_2, layout_basic, serial_curves, eino_curves_02,
          eino_curves_03, eino_curves_02, eino_curves_03,
          shapermc_ecumenical_altar_totnotflames
D:2:      layout_basic, uniq_sigmund
D:3:      layout_loops_cross
D:4:      nicolae_cairo_tiling, layout_rooms, gup_sewer_entry_bowl,
          serial_undead, serial_undead_f, serial_undead_d, serial_undead_e,
          serial_undead_b, gammafunk_ghost_grave, kennysheep_cross_room
D:5:      layout_cave_pools, temple_hall, kennysheep_generic_room_9
D:6:      layout_rooms, xom_teletrap_fun, nicolae_shop_unique_rings
D:7:      layout_loops_corners, gammafunk_ghost_nasty_kobolds
D:8:      layout_loops_corners, serial_shops, shop, kennysheep_mini,
          nicolae_stop_n_shop_2, uniq_gastronok, uniq_joseph, uniq_maggie
D:9:      layout_long_grid
D:10:     layout_basic, hangedman_abyss_or_decor_clamps,
          kennysheep_generic_room_12
D:11:     layout_basic, dpeg_oklobed_lair, minmay_orc_entry_temple_small,
          nrook_campfire, nicolae_qazlal_style_of_elements
Temple:   grunt_wide_crystal_templ
Lair:1:   layout_roguey, beast_lair_carwin_7
Lair:2:   layout_regular_city, minmay_snake_entry_six_corridors,
          nicolae_volcano_entry_lava_flow, cheibrodos_lair_reptile_den
Lair:3:   layout_chaotic_city, gammafunk_ghost_ooze, minmay_shattered_shrine
Lair:4:   layout_hall_layers, shoals_dummy_entry, st_stairs_11, minivault_11,
          beast_lair_carwin_11, lemuel_fruit_tree, uniq_nergalle
Lair:5:   hellmonk_destroyed_diamonds, layout_concentric_octagons,
          minmay_slime_entry_oklob_open, amcnicky_altar_lugonu_corruption,
          infiniplex_staircase_pool
Lair:6:   evil_forest, layout_gridlike, gauntlet_entry_generic, uniq_nessos,
          uniq_snorg
Gauntlet: minmay_gauntlet_mixed_oops_all_seconds
          [minmay_gauntlet_arena_77_tiled_triplets,
          gammafunk_gauntlet_arena_grid, minmay_gauntlet_arena_77_two_paths,
          nicolae_gauntlet_arena_grate_2,
          minmay_gauntlet_arena_77_broken_ladder,
          gammafunk_gauntlet_arena_split_x, gauntlet_exit_watery]

Skill      XL: |  1  2  3  4  5  6  7  8  9 10 11 12 13 14 |
---------------+-------------------------------------------+-----
Earth Magic    | 4 5 6 7 8 10 11 12 13 14 | 14.1
Conjurations   | 1 2 3 4 5 7 8 10 11 12 | 12.4
Maces & Flails | 1 |  1.0
Fighting       | 1 2 3 4 5 6 8 9 |  9.9
Polearms       | 1 2 3 4 5 7 8 9 10 11 | 11.8
Dodging        | 2 3 4 |  4.0
Stealth        | 3 4 5 |  5.0
Spellcasting   | 3 4 |  4.0
Invocations    | 2 3 5 6 8 9 |  9.0
Shields        | 2 3 |  3.0
Armour         | 5 7 9 |  9.5
Evocations     | 2 3 |  3.9
Transmutations | |  0.7

Action                   |  1- 3 |  4- 6 |  7- 9 | 10-12 | 13-15 || total
-------------------------+-------+-------+-------+-------+-------++-------
Melee: Club              |     6 |       |       |       |       ||     6
       Spear             |    56 |       |       |       |       ||    56
       Punch             |     2 |       |     3 |       |       ||     5
       Trident           |    11 |    80 |   289 |   544 |   603 ||  1527
 Cast: Sandblast         |    15 |       |     1 |     2 |    41 ||    59
       Stone Arrow       |       |       |     7 |    52 |   105 ||   164
Invok: Divine Shield     |       |       |       |       |     5 ||     5
       Cleansing Flame   |       |       |       |       |     7 ||     7
Evoke: Box of beasts     |       |       |       |       |     1 ||     1
  Use: Scroll            |       |     3 |     8 |       |    11 ||    22
       Potion            |       |       |       |       |     5 ||     5
 Stab: Sleeping          |     6 |     5 |     8 |       |       ||    19
Armor: Robe              |    14 |    30 |    10 |       |       ||    54
       Troll leather arm |       |       |   116 |   235 |   365 ||   716
Dodge: Dodged            |    43 |    47 |   146 |   302 |   407 ||   945
Block: Buckler           |       |       |     6 |   130 |   179 ||   315
